 Dungeon Crawl Stone Soup version 0.29.1-debian-4-g95531337e3 (webtiles) character file.

Game seed: 4836009463638679842

1342 Malachi the Insei (level 8, 0/61 HPs)
             Began as a Gnoll Transmuter on Sept 12, 2022.
             Slain by an orc
             ... wielding a +0 trident
              (7 damage)
             ... on level 5 of the Dungeon.
             The game lasted 00:07:39 (7102 turns).

Malachi the Insei (Gnoll Transmuter)                Turns: 7102, Time: 00:07:39

Health: 0/61       AC:  5    Str: 10    XL:     8   Next: 62%
Magic:  17/17      EV: 14    Int: 15    God:
Gold:   59         SH:  0    Dex: 12    Spells: 15/19 levels left

rFire   . . .      SeeInvis .   x - +3 dire flail (protect)
rCold   . . .      Faith    .   (shield currently unavailable)
rNeg    . . .      Spirit   .   s - +1 robe {Archmagi}
rPois   .          Reflect  .   v - +0 helmet
rElec   .          Harm     .   p - +0 cloak
rCorr   .          Rampage  .   (no gloves)
Will    .....      Archmagi +   (no boots)
Stlth   ++........              (no amulet)
HPRegen 0.20/turn               (no ring)
MPRegen 0.15/turn               (no ring)

@: studying Throwing
A: fangs 1, strong nose, distributed training
a: no special abilities


You were on level 5 of the Dungeon.
You visited 1 branch of the dungeon, and saw 5 of its levels.

You collected 224 gold pieces.
You spent 165 gold pieces at shops.

Inventory:

Hand Weapons
 a - the +7 whip of Anepriph {freeze, *Rage rF+++ rC+ rCorr}
   (You bought it in a shop on level 4 of the Dungeon)

   It freezes those it strikes, dealing additional cold damage.
   It can also slow down cold-blooded creatures.
   rF:        It renders you almost immune to fire.
   rC:        It protects you from cold.
   *Rage:     It berserks you when you make melee attacks (+20% chance).
   rCorr:     It protects you from acid and corrosion.
 d - a +1 dagger of speed
 e - a +2 short sword of venom
 o - a +3 quarterstaff of chaos
 x - a +3 dire flail of protection (weapon)
Armour
 p - a +0 cloak (worn)
 s - a +1 robe of the Archmagi (worn)
 v - a +0 helmet (worn)
Magical Staves
 y - a staff of conjuration
Wands
 b - a wand of roots (3)
Scrolls
 c - 3 scrolls of vulnerability
 h - 2 scrolls of teleportation
 i - a scroll of poison
 k - a scroll of enchant weapon
 m - a scroll of blinking
 u - a scroll of fear {unknown}
Potions
 f - a potion of might {unknown}
 g - 3 potions of resistance
 j - 3 potions of attraction {unknown}
 l - 2 potions of haste {unknown}
 n - 4 potions of curing {unknown}
 q - a potion of mutation {unknown}
 r - 2 potions of flight {unknown}
 t - a potion of ambrosia {unknown}
 w - a potion of cancellation {unknown}
 z - a potion of heal wounds {unknown}
 A - a potion of brilliance {unknown}


   Skills:
 + Level 4.4 Fighting
 + Level 3.5 Short Blades
 + Level 3.5 Long Blades
 + Level 3.5 Axes
 + Level 3.5 Maces & Flails
 + Level 3.5 Polearms
 + Level 3.5 Staves
 + Level 3.5 Ranged Weapons
 + Level 3.7 Throwing
 + Level 3.5 Armour
 + Level 5.9 Dodging
 + Level 3.5 Stealth
 + Level 3.5 Shields
 + Level 7.5 Unarmed Combat
 + Level 6.2 Spellcasting
 + Level 2.9 Conjurations
 + Level 2.9 Hexes
 + Level 2.9 Summonings
 + Level 2.9 Necromancy
 + Level 2.9 Translocations
 + Level 4.8 Transmutations
 + Level 2.9 Fire Magic
 + Level 2.9 Ice Magic
 + Level 2.9 Air Magic
 + Level 2.9 Earth Magic
 + Level 2.9 Poison Magic
 + Level 3.9 Invocations
 + Level 3.5 Evocations


You had 15 spell levels left.
You knew the following spells:

 Your Spells              Type           Power      Damage    Failure   Level
a - Beastly Appendage     Tmut           56%        N/A       1%          1
b - Spider Form           Tmut/Pois      24%        N/A       9%          3

Your spell library contained the following spells:

 Spells                   Type           Power      Damage    Failure   Level
 Wereblood                Tmut           28%        N/A       3%          2
 Sandblast                Erth           40%        2d10      4%          1
 Passwall                 Tmut/Erth      20%        N/A       4%          2
 Stone Arrow              Conj/Erth      40%        3d9       13%         3
 Ice Form                 Ice/Tmut       24%        N/A       28%         4


Dungeon Overview and Level Annotations

Branches:
Dungeon (5/15)
 Temple: D:4-7

Altars:

Shops:
D:4 (


Innate Abilities, Weirdness & Mutations

You have very sharp teeth.
Your uncanny sense of smell can sniff out nearby items.
Your experience applies equally to all skills.


Message History

You bump into the rock wall.
Something hits you. The orc barely misses you.
The orc wizard hits you but does no damage.
The orc closely misses you.
You miss something. Something hits you. The orc misses you.
The orc hits you with a +0 hand axe.
The orc wizard hits you with a +0 dagger.
You completely miss something. Your bite misses something.
Something hits you but does no damage. The orc barely misses you.
The orc wizard closely misses you. The orc barely misses you.
You bump into the rock wall.
Something barely misses you. The orc misses you.
The orc hits you with a +0 hand axe.
The orc wizard hits you but does no damage.
You closely miss the orc wizard.
The orc wizard is heavily wounded.
You feel less confused. Something hits you.
The orc hits you from afar with a +0 trident.
The orc completely misses you. The orc wizard barely misses you.
You puncture the orc wizard!
Your weapon exudes an aura of protection.
You kill the orc wizard!
Something hits you but does no damage. The orc misses you.
The orc barely misses you.
You miss something. You bite something. Something completely misses you.
The orc barely misses you. The orc hits you but does no damage.
You closely miss something.
You hear some strange, mumbled words.
A puff of flame appears from out of thin air!
The puff of flame hits you. The orc closely misses you.
The orc hits you with a +0 hand axe.
You completely miss something. You bite something.
Something hits you but does no damage.
The orc hits you from afar with a +0 trident.
* * * LOW HITPOINT WARNING * * *
The orc barely misses you. The orc hits you with a +0 hand axe.
* * * LOW HITPOINT WARNING * * *
Something hits you.
* * * LOW HITPOINT WARNING * * *
The orc hits you from afar with a +0 trident!
You die...

###.######.# #..
#..........#####.#
##.#..............#
#......##########.#
#..#.#.# #.#
#..#.#<# #..
#..#.#.# #.#
#..#.#.# #.# #)@#..
#.# #o{# #.# #o.#
#.# #..# ... #...
#.. #.## ### #. ##


You could see 2 orcs.

Vanquished Creatures
  Sigmund (D:3)
  Edmund (D:4)
  2 black bears (D:5)
  2 ogres (D:4)
  3 centaurs (D:5)
  A necrophage (D:4)
  A hound (D:4)
  An orc priest (D:5)
  Crazy Yiuf (D:2)
  An iguana (D:4)
  Terence (D:3)
  3 orc wizards
  Robin (D:3)
  4 adders
  2 ufetubi
  2 dart slugs
  2 worms
  15 orcs
  4 ball pythons
  A bat (D:2)
  11 endoplasms
  3 giant cockroaches
  13 goblins
  8 hobgoblins
  4 jackals
  10 quokkas
  3 frilled lizards
  4 kobolds
  3 rats
108 creatures vanquished.

Notes
Turn   | Place    | Note
-------+----------+-------------------------------------------
     0 | D:1      | Malachi the Gnoll Transmuter began the quest for the Orb.
     0 | D:1      | Reached XP level 1. HP: 17/17 MP: 6/6
   563 | D:1      | Reached XP level 2. HP: 21/23 MP: 5/7
  1433 | D:2      | Reached skill level 5 in Spellcasting
  1433 | D:2      | Reached XP level 3. HP: 20/28 MP: 6/9
  1825 | D:2      | Found a faded altar of an unknown god.
  2084 | D:2      | Found a runed translucent door.
  2085 | D:2      | Noticed Crazy Yiuf
  2204 | D:2      | Reached skill level 1 in Invocations
  2470 | D:2      | Paralysed by Crazy Yiuf for 3 turns
  2481 | D:2      | Killed Crazy Yiuf
  2482 | D:2      | Reached skill level 1 in Short Blades
  2482 | D:2      | Reached skill level 1 in Long Blades
  2482 | D:2      | Reached skill level 1 in Axes
  2482 | D:2      | Reached skill level 1 in Maces & Flails
  2482 | D:2      | Reached skill level 1 in Polearms
  2482 | D:2      | Reached skill level 1 in Staves
  2482 | D:2      | Reached skill level 1 in Ranged Weapons
  2482 | D:2      | Reached skill level 1 in Throwing
  2482 | D:2      | Reached skill level 1 in Armour
  2482 | D:2      | Reached skill level 1 in Stealth
  2482 | D:2      | Reached skill level 1 in Shields
  2482 | D:2      | Reached skill level 1 in Evocations
  2482 | D:2      | Reached XP level 4. HP: 22/34 MP: 11/11
  2783 | D:3      | Reached skill level 1 in Conjurations
  2783 | D:3      | Reached skill level 1 in Hexes
  2783 | D:3      | Reached skill level 1 in Summonings
  2783 | D:3      | Reached skill level 1 in Necromancy
  2783 | D:3      | Reached skill level 1 in Translocations
  2783 | D:3      | Reached skill level 1 in Fire Magic
  2783 | D:3      | Reached skill level 1 in Ice Magic
  2783 | D:3      | Reached skill level 1 in Air Magic
  2783 | D:3      | Reached skill level 1 in Earth Magic
  2783 | D:3      | Reached skill level 1 in Poison Magic
  3289 | D:3      | Reached XP level 5. HP: 35/40 MP: 12/12
  3383 | D:3      | Noticed Terence
  3392 | D:3      | Killed Terence
  3495 | D:3      | Noticed Sigmund
  3503 | D:3      | Killed Sigmund
  3504 | D:3      | Reached skill level 5 in Dodging
  3504 | D:3      | Reached XP level 6. HP: 18/47 MP: 14/14
  3974 | D:3      | Learned a level 3 spell: Spider Form
  4595 | D:3      | Noticed Robin
  4620 | D:3      | Killed Robin
  4885 | D:4      | Reached XP level 7. HP: 49/52 MP: 15/15
  4931 | D:4      | Noticed Edmund
  4937 | D:4      | Reached skill level 7 in Unarmed Combat
  4950 | D:4      | Killed Edmund
  6242 | D:4      | Found Kiwn's Antique Weapon Boutique.
  6259 | D:4      | Bought a translucent whip for 165 gold pieces
  6259 | D:4      | Identified the +7 whip of Anepriph {freeze, *Rage rF+++ rC+
                  | rCorr} (You bought it in a shop on level 4 of the Dungeon)
  6326 | D:4      | Reached XP level 8. HP: 60/60 MP: 16/16
  6546 | D:5      | Entered Level 5 of the Dungeon
  7102 | D:5      | Slain by an orc

Illustrated notes

Levels and vault maps discovered:
D:1:      minmay_arrival_shoal_huts, layout_basic, st_stairs_11
D:2:      layout_rooms, chequers_ecumenical_altar_island,
          minmay_misc_feat_ornament, uniq_crazy_yiuf_cottage
D:3:      layout_loops_ring, uniq_robin, uniq_terence, uniq_sigmund
D:4:      layout_basic, serial_shops, shop, uniq_edmund
D:5:      layout_loops_ring, minmay_manual_mares

Skill      XL: |  1  2  3  4  5  6  7  8 |
---------------+-------------------------+-----
Spellcasting   | 5 6 |  6.2
Invocations    | 1 2 3 |  3.9
Short Blades   | 1 2 3 |  3.5
Long Blades    | 1 2 3 |  3.5
Axes           | 1 2 3 |  3.5
Maces & Flails | 1 2 3 |  3.5
Polearms       | 1 2 3 |  3.5
Staves         | 1 2 3 |  3.5
Ranged Weapons | 1 2 3 |  3.5
Throwing       | 1 2 3 |  3.7
Armour         | 1 2 3 |  3.5
Stealth        | 1 2 3 |  3.5
Shields        | 1 2 3 |  3.5
Evocations     | 1 2 3 |  3.5
Conjurations   | 1 2 |  2.9
Hexes          | 1 2 |  2.9
Summonings     | 1 2 |  2.9
Necromancy     | 1 2 |  2.9
Translocations | 1 2 |  2.9
Fire Magic     | 1 2 |  2.9
Ice Magic      | 1 2 |  2.9
Air Magic      | 1 2 |  2.9
Earth Magic    | 1 2 |  2.9
Poison Magic   | 1 2 |  2.9
Fighting       | 3 4 |  4.4
Transmutations | 4 |  4.8
Dodging        | 5 |  5.9
Unarmed Combat | 7 |  7.5

Action                   |  1- 3 |  4- 6 |  7- 9 || total
-------------------------+-------+-------+-------++-------
Melee: Dagger            |    91 |       |       ||    91
       Kick              |    18 |       |       ||    18
       Unarmed           |    14 |       |       ||    14
       Bite              |     8 |    11 |    18 ||    37
       Punch             |     4 |     3 |     5 ||    12
       Headbutt          |     5 |     2 |       ||     7
       Quarterstaff      |       |    73 |       ||    73
       Short sword       |       |    57 |    67 ||   124
       Dire flail        |       |       |    44 ||    44
       Whip              |       |       |    12 ||    12
 Cast: Beastly Appendage |    19 |     1 |       ||    20
  Use: Potion            |     1 |       |     1 ||     2
       Scroll            |       |     4 |     4 ||     8
 Stab: Sleeping          |       |     2 |     8 ||    10
Armor: Robe              |     7 |    29 |    29 ||    65
       Skin              |     6 |       |       ||     6
Dodge: Dodged            |    54 |    78 |   122 ||   254
